 Dungeon Crawl Stone Soup version 0.30-a0-672-gc3a7216ad8 (webtiles) character file.

Game seed: 14031477918795221860

1 wormed the Caller (level 1, -2/13 HPs)
             Began as a Demonspawn Summoner on Jan 18, 2023.
             Slain by a quokka (4 damage)
             ... on level 1 of the Dungeon.
             The game lasted 00:00:37 (50 turns).

wormed the Caller (Demonspawn Summoner)               Turns: 50, Time: 00:00:37

Health: -2/13      AC:  2    Str:  8    XL:     1   Next: 16%
Magic:  2/3        EV: 12    Int: 16    God:
Gold:   0          SH:  0    Dex: 13    Spells: 3/4 levels left

rFire   . . .      SeeInvis .    (no weapon)
rCold   . . .      Faith    .    (no shield)
rNeg    . . .      Spirit   .    a - +0 robe
rPois   .          Reflect  .    (no helmet)
rElec   .          Harm     .    (no cloak)
rCorr   .          Rampage  .    (no gloves)
Will    .....                    (no boots)
Stlth   ++                       (no amulet)
HPRegen 0.22/turn                (no ring)
MPRegen 0.08/turn                (no ring)

@: no status effects
A: no striking features
a: no special abilities


You were on level 1 of the Dungeon.
You visited 1 branch of the dungeon, and saw 1 of its levels.

Inventory:

Armour
 a - a +0 robe (worn)


   Skills:
 - Level 1.7 Dodging
 - Level 1.7 Stealth
 + Level 2.0 Spellcasting
 + Level 0.0 Hexes
 * Level 4.0 Summonings


You had 3 spell levels left.
You knew the following spells:

 Your Spells              Type           Power      Damage    Failure   Level
a - Summon Small Mammal   Summ           56%        N/A       4%          1

Your spell library contained the following spells:

 Spells                   Type           Power      Damage    Failure   Level
 Call Imp                 Summ           14%        N/A       6%          2
 Call Canine Familiar     Summ           14%        N/A       12%         3
 Summon Guardian Golem    Hex/Summ       8%         N/A       26%         3
 Summon Lightning Spire   Summ/Air       8%         N/A       65%         4


Dungeon Overview and Level Annotations

Branches:
Dungeon (1/15)

Altars:


Message History

Confirm with . or Enter, or press ? or * to list all spells.
Your bat hits the quokka but does no damage.
The quokka misses your bat.
Your bat misses the quokka.
The quokka bites your bat but does no damage.
Your bat barely misses the quokka.
Your bat hits the quokka but does no damage.
Your bat hits the quokka but does no damage.
The quokka closely misses you.
Your bat hits the quokka but does no damage.
Your bat misses the quokka. The quokka bites you.
Your bat misses the quokka. The quokka bites you.
* * * LOW HITPOINT WARNING * * *
Your bat completely misses the quokka.
The quokka bites you but does no damage.
Your bat misses the quokka.
Your bat barely misses the quokka.
The quokka twitches its whiskers.
Your bat barely misses the quokka.
You see here an orc skeleton.
You hit the quokka but do no damage.
The quokka is heavily wounded.
Your bat closely misses the quokka.
Your bat hits the quokka but does no damage.
The quokka closely misses you. Magic courses through your body.
Your bat hits the quokka but does no damage.
Your bat closely misses the quokka.
The quokka misses you.
Your bat hits the quokka.
Casting: Summon Small Mammal (safe; 4% risk of failure)
Confirm with . or Enter, or press ? or * to list all spells.
Your bat disappears in a puff of smoke!
Your bat barely misses the quokka.
The quokka misses you.
Casting: Summon Small Mammal (safe; 4% risk of failure)
Confirm with . or Enter, or press ? or * to list all spells.
Your bat disappears in a puff of smoke!
The quokka bites you.
* * * LOW HITPOINT WARNING * * *
Your bat barely misses the quokka.
The quokka bites you.
You die...

. ...
.....#########
#......$..#
#####'###'#
##÷###÷##
#@rr§..÷#
#.b÷#...#
#..÷#...#
#...#÷..#
#.÷..÷..#
#.÷÷<÷..#
#÷÷÷.÷.÷#
#########


You could see a quokka (ally target), a friendly bat (summoned) and a friendly
rat (summoned).

Vanquished Creatures (collateral kills)
  A ball python (D:1)
  A rat (D:1)
2 creatures vanquished.

Notes
Turn   | Place    | Note
-------+----------+-------------------------------------------
     0 | D:1      | wormed the Demonspawn Summoner began the quest for the Orb.
     0 | D:1      | Reached XP level 1. HP: 13/13 MP: 3/3
    50 | D:1      | Slain by a quokka

Illustrated notes

Levels and vault maps discovered:
D:1:      heliophobic_arrival_battle_scene, layout_rooms, serial_shops,
          nicolae_shop_crystal

Action                   || total
-------------------------++-------
Melee: Unarmed           ||     7
 Cast: Summon Small Mamm ||     6
  Use: Potion            ||     1
Armor: Robe              ||     5
Dodge: Dodged            ||    11

Table legend: (Time is in decaauts)
 A = Elapsed time spent in this place.
 B = Non-inter-level travel time spent in this place.
 C = Inter-level travel time spent in this place.
 D = Time resting spent in this place.
 E = Time spent auto-exploring this place.
 F = Levels seen in this place.
 G = Mean time per level.
                   A        B        C        D        E       F      G
               +--------+--------+--------+--------+--------+-----+--------+
         Total |     50 |     50 |      0 |      0 |      8 |   1 |   50.0 |
       Dungeon |     50 |     50 |      0 |      0 |      8 |   1 |   50.0 |
               +--------+--------+--------+--------+--------+-----+--------+

Top non-repeatable levels by time:
     D:1: 50 daAuts
